 Dungeon Sprint DCSS version 0.28-a0-87-g9a7839dea9 (webtiles) character file.

Game seed: 3993960824270352831

51809 xpp the Sensei (level 12, -8/124 HPs)
             Began as a Troll Fighter on Aug 7, 2021.
             Was the Champion of Jiyva.
             Engulfed by a cloud of freezing vapour (11 damage)
             ... in the Dungeon (Sprint III: "The Ten Rune Challenge").
             The game lasted 00:57:47 (4034 turns).

xpp the Sensei (Troll Fighter)                      Turns: 4034, Time: 00:57:48

Health: -8/124     AC:  6    Str: 18    XL:     12   Next: 75%
Magic:  3/11       EV: 20    Int:  7    God:    Jiyva [******]
Gold:   22         SH: 12    Dex: 19    Spells: 11/11 levels left

rFire   . . .      SeeInvis +     - Unarmed
rCold   . . .      Faith    .   b - +0 kite shield
rNeg    . . .      Spirit   .   a - +0 robe
rPois   .          Reflect  .   (helmet restricted)
rElec   .          Harm     .   (no cloak)
rCorr   +          Rampage  .   (gloves unavailable)
Will    .....      NoTele   +   (boots unavailable)
Stlth   ++........              (no amulet)
HPRegen 1.30/turn               (no ring)
MPRegen 0.12/turn               (no ring)

@: slimy
A: large, unfitting armour, claws 3, regeneration 1, shaggy fur 1, tough skin 1,
fangs 1, horns 2, talons 1, see invisible, acidic bite, gelatinous body 2, jelly
sensing items
}: 2/10 runes: decaying, serpentine
a: Renounce Religion, Request Jelly, Slimify, Cure Bad Mutation


You were in the Dungeon.
You worshipped Jiyva.
Jiyva was exalted by your worship.
You visited 1 branch You collected 479 gold pieces.
You spent 457 gold pieces at shops.

Inventory:

Hand Weapons
 c - a +0 long sword of holy wrath
 g - a +4 demon trident of draining
 i - the +4 dagger of Embarrassment {vorpal, Contam rPois rF+ Dex+2}
   (You bought it in a shop in the Dungeon)

   It inflicts extra damage upon your enemies.
   Dex:       It affects your dexterity (+2).
   rF:        It protects you from fire.
   rPois:     It protects you from poison.
   Contam:    It causes magical contamination when unequipped.
Missiles
 h - 6 javelins (quivered)
Armour
 a - a +0 robe (worn)
 b - a +0 kite shield (worn)
Wands
 f - a wand of acid (1)
Scrolls
 j - a scroll of holy word
Potions
 d - a potion of curing
 e - 2 potions of heal wounds
 k - a potion of mutation
 l - 2 potions of flight


   Skills:
 + Level 9.6 Fighting
 + Level 0.2 Throwing
 * Level 13.9 Dodging
 + Level 11.0 Shields
 * Level 22.2 Unarmed Combat


You had 11 spell levels left.
You didn't know any spells.
Your spell library contained the following spells:

 Spells                   Type           Power      Damage    Failure   Level
 Beastly Appendage        Tmut           0%         N/A       43%         1
 Wereblood                Tmut           0%         N/A       56%         2
 Spider Form              Tmut/Pois      0%         N/A       80%         3


Dungeon Overview and Level Annotations

Branches:
Dungeon (1/1)

Altars:
Cheibriados
Dithmenos
Elyvilon
Fedhas
Gozag
Hepliaklqana
Kikubaaqudgha
Makhleb
Nemelex Xobeh
Okawaru
Qazlal
Ru
Sif Muna
Trog
Uskayaw
Vehumet
Wu Jian
Xom
Yredelemnul
Zin
The Shining One
Beogh
Jiyva
Lugonu

Shops:
D :(!(!=*

Annotations:
D Royal Jelly


Innate Abilities, Weirdness & Mutations

You are too large for most types of armour.
You have claws for hands.
Your natural rate of healing is unusually fast.
You are covered in fur. (AC +1)
You have tough skin. (AC +1)
You have very sharp teeth.
You have a pair of horns on your head.
You have sharp toenails.
You have supernaturally acute eyesight. (SInv)
You have acidic saliva.
Your pliable body absorbs attacks. (AC +2, EV +2)
You have a small jelly attached to you that senses nearby items.


Message History

Found a bound brass amulet and a book of the Earth. 2 simulacra come into view.
You are engulfed in freezing vapours.
You block the wolf simulacrum's attack.
Found a crystal spear and a glowing morningstar.
There is an open door here.
You scratch the wolf simulacrum but do no damage.
Your kick misses the wolf simulacrum.
You are engulfed in freezing vapours.
You block the wolf simulacrum's attack.
You block the polar bear simulacrum's attack.
The polar bear simulacrum barely misses you.
The polar bear simulacrum misses you.
You closely miss the wolf simulacrum. You claw the wolf simulacrum.
You headbutt the wolf simulacrum, but do no damage.
Your bite misses the wolf simulacrum.
The wolf simulacrum is moderately damaged.
You are engulfed in freezing vapours.
You block the wolf simulacrum's attack.
You claw the wolf simulacrum!
The wolf simulacrum vaporises!
You are engulfed in freezing vapours.
The polar bear simulacrum bites you!
* * * LOW HITPOINT WARNING * * *
The polar bear simulacrum freezes you!
* * * LOW HITPOINT WARNING * * *
You block the polar bear simulacrum's attack.
The polar bear simulacrum claws you but does no damage.
A thick mucus forms on your claws.
You are engulfed in freezing vapours.
* * * LOW HITPOINT WARNING * * *
You block the polar bear simulacrum's attack. x2
The polar bear simulacrum misses you.
The polar bear simulacrum quivers uncontrollably and liquefies into a slime creature!
You are engulfed in freezing vapours.
* * * LOW HITPOINT WARNING * * *
The polar bear simulacrum barely misses the slime creature.
The polar bear simulacrum claws the slime creature.
The polar bear simulacrum freezes the slime creature!
The polar bear simulacrum claws the slime creature.
The polar bear simulacrum freezes the slime creature!
A thick mucus forms on your claws.
You are engulfed in freezing vapours.
You die...

▓▓▓▓▓▓▓▓▓▓▓▓▓▓▓▓▓#......^#.......
≈≈≈........≈≈≈...#J.^..^.#.......
♣≈≈≈≈≈≈≈≈≈≈≈≈♣♣..'.....^.#.......
♣♣♣♣♣♣♣♣♣♣♣♣♣♣♣..#....^..########
♣ ♣♣♣##'########
♣♣♣♣♣♣♣♣♣♣♣♣♣♣♣♣♣#...'.≈≈≈≈#
##..##≈≈≈≈≈≈..#○Z#...#§§§≈§#
#.##.#≈≈≈≈≈...#ZJ#...#.#§§§#
.##.##'≈≈≈≈○####@#####.#c§§≈#
.##...#≈≈......○○#.....# #≈≈§≈
#.##..#≈..'#######.....# c§≈≈
#.#####...#......#.....#+ #≈≈
..##......#♣♣♣._.#.....# c≈
####'#############+#####
#...........###. ,, *
#............##. *** #
###########..##∆ ,


You could see 2 polar bear simulacra and a neutral slime creature (wandering)
(fellow slime).

Vanquished Creatures
  A nagaraja (D)
  A ghost moth (D)
  A dire elephant (D)
  A naga warrior (D)
  3 anacondas (D)
  2 death yaks (D)
  Urug (D)
  A death drake (D)
  A spriggan druid (D)
  A lindwurm (D)
  A deep elf pyromancer (D)
  An orc knight (D)
  A moth of wrath (D)
  7 black mambas (D)
  2 cane toads (D)
  A rime drake (D)
  A komodo dragon (D)
  An anaconda simulacrum (D)
  3 wandering mushrooms (D)
  A queen bee (D)
  2 tyrant leeches (D)
  6 blink frogs (D)
  3 redbacks (D)
  2 spriggans (D)
  A shadow (D)
  A spatial vortex (D)
  2 nagas (D)
  2 water moccasins (D)
  A hell hound (D)
  A swamp drake (D)
  A necrophage (D)
  3 two-headed ogres (D)
  A water elemental (D)
  31 killer bees (D)
  An electric eel (D)
  A jelly (D)
  2 orc priests (D)
  Jessica (D)
  A necromancer (D)
  An orc wizard (D)
  A wizard (D)
  A wolf simulacrum (D)
  3 humans (D)
  A kobold demonologist (D)
  3 adders (D)
  A phantom (D)
  5 orcs (D)
  2 endoplasms (D)
  A quokka (D)
  A rat (D)
115 creatures vanquished.

Vanquished Creatures (collateral kills)
  Xtahua (D)
  Rupert (D)
  A fire dragon (D)
  Erolcha (D)
  2 two-headed ogres (D)
  A redback (D)
7 creatures vanquished.

Vanquished Creatures (others)
  2 deep elf blademasters (D)
  Frances (D)
  Gastronok (D)
  2 azure jellies (D)
  A ghost moth (D)
  Nessos (D)
  A dire elephant (D)
  3 fire dragons (D)
  3 hydras (D)
  An ogre mage (D)
  2 centaur warriors (D)
  2 death yaks (D)
  A deep elf knight (D)
  A mana viper (shapeshifter) (D)
  2 skeletal warriors (D)
  An anaconda zombie (D)
  A shadow wraith (D)
  A glowing orange brain (D)
  2 deep elf pyromancers (D)
  A shining eye (D)
  A deep elf zephyrmancer (D)
  An elephant (shapeshifter) (D)
  A cyclops (shapeshifter) (D)
  A water nymph (shapeshifter) (D)
  2 elephants (D)
  A molten gargoyle (D)
  3 yaktaurs (D)
  3 spriggan defenders (D)
  3 hornets (D)
  2 blink frogs (D)
  3 orc high priests (D)
  9 slime creatures (D)
  A redback (D)
  A golden eye (D)
  A hell hound (D)
  2 floating eyes (D)
  An orc warrior (D)
  A killer bee (D)
  118 jellies (D)
  A hound (shapeshifter) (D)
  An orc priest (D)
  2 adders (D)
  6 orcs (D)
  A jackal (D)
  5 ball lightnings (D)
  4 ballistomycete spores (D)
  5 bushes (D)
  55 plants (D)
265 creatures vanquished.

Grand Total: 387 creatures vanquished

Notes
Turn   | Place    | Note
-------+----------+-------------------------------------------
     0 | D        | xpp the Troll Fighter began the quest for the Orb.
     0 | D        | Reached XP level 1. HP: 22/22 MP: 0/0
    16 | D        | Noticed Jessica
    35 | D        | Killed Jessica
    36 | D        | Reached XP level 2. HP: 30/31 MP: 1/1
    36 | D        | Reached XP level 3. HP: 36/37 MP: 2/2
   193 | D        | Gained mutation: Your spells are a little harder to cast,
                  | but a little more powerful. [potion of mutation]
   193 | D        | Gained mutation: Your muscles are strong. (Str +2) [potion
                  | of mutation]
   193 | D        | Gained mutation: You are dopey. (Int -2) [potion of
                  | mutation]
   228 | D        | Reached skill level 3 in Unarmed Combat
   277 | D        | Noticed a water elemental
   281 | D        | Killed a water elemental
   282 | D        | Reached skill level 4 in Unarmed Combat
   282 | D        | Reached XP level 4. HP: 49/49 MP: 3/3
   286 | D        | Found a glowing silver altar of Zin.
   287 | D        | Found a glowing golden altar of the Shining One.
   287 | D        | Found a white marble altar of Elyvilon.
   287 | D        | Noticed a deep elf pyromancer
   295 | D        | Killed a deep elf pyromancer
   296 | D        | Reached skill level 6 in Unarmed Combat
   296 | D        | Reached XP level 5. HP: 38/62 MP: 4/4
   296 | D        | Reached XP level 6. HP: 44/71 MP: 5/5
   296 | D        | Reached XP level 7. HP: 48/78 MP: 6/6
   331 | D        | Found a hide-covered altar of Uskayaw.
   331 | D        | Found an iron altar of Okawaru.
   331 | D        | Found a bloodstained altar of Trog.
   331 | D        | Found an ornate altar of the Wu Jian Council.
   331 | D        | Noticed a human
   333 | D        | Noticed a human
   366 | D        | Killed a human
   367 | D        | Reached skill level 7 in Unarmed Combat
   370 | D        | Killed a human
   456 | D        | Found a basalt altar of Yredelemnul.
   456 | D        | Found a shadowy altar of Dithmenos.
   456 | D        | Found a sacrificial altar of Ru.
   468 | D        | Reached skill level 8 in Unarmed Combat
   484 | D        | Found a radiant altar of Vehumet.
   484 | D        | Found a shimmering blue altar of Sif Muna.
   484 | D        | Found an ancient bone altar of Kikubaaqudgha.
   518 | D        | Noticed a shadow
   520 | D        | Killed a shadow
   521 | D        | Reached XP level 8. HP: 88/88 MP: 7/7
   525 | D        | Found a blossoming altar of Fedhas.
   525 | D        | Found a stormy altar of Qazlal.
   526 | D        | Found a snail-covered altar of Cheibriados.
   526 | D        | Found a burning altar of Makhleb.
   526 | D        | Found a hazy altar of Hepliaklqana.
   526 | D        | Found a shimmering altar of Xom.
   526 | D        | Found an opulent altar of Gozag.
   526 | D        | Found a sparkling altar of Nemelex Xobeh.
   526 | D        | Found a corrupted altar of Lugonu.
   526 | D        | Found a viscous altar of Jiyva.
   547 | D        | Reached skill level 9 in Unarmed Combat
   555 | D        | Became a worshipper of Jiyva Jiotooso the Shapeless
   555 | D        | Reached * piety under Jiyva
   556 | D        | Reached ** piety under Jiyva
   558 | D        | Reached *** piety under Jiyva
   558 | D        | Gained mutation: Your flesh is heat resistant. (rF+)
                  | [Jiyva's grace]
   558 | D        | Lost mutation: You are dopey. (Int -2) [Jiyva's grace]
   560 | D        | Killed a centaur warrior
   561 | D        | Killed a slime creature
   562 | D        | Reached **** piety under Jiyva
   574 | D        | Killed a cyclops
   592 | D        | Killed an ogre mage
   596 | D        | Killed a mana viper
   597 | D        | Gained mutation: Your muscles are very strong. (Str +4)
                  | [Jiyva's grace]
   604 | D        | Killed a slime creature
   605 | D        | Reached ***** piety under Jiyva
   613 | D        | Lost mutation: Your flesh is heat resistant. (rF+) [potion
                  | of mutation]
   613 | D        | Lost mutation: Your spells are a little harder to cast, but
                  | a little more powerful. [potion of mutation]
   613 | D        | Lost mutation: Your muscles are very strong. (Str +4)
                  | [potion of mutation]
   613 | D        | Gained mutation: You are dopey. (Int -2) [potion of
                  | mutation]
   613 | D        | Gained mutation: You are agile. (Dex +2) [potion of
                  | mutation]
   613 | D        | Gained mutation: Your body sometimes deteriorates upon
                  | taking damage. [potion of mutation]
   614 | D        | Lost mutation: You are dopey. (Int -2) [Jiyva's power]
   627 | D        | Killed a slime creature
   627 | D        | Killed a water nymph
   641 | D        | Killed a slime creature
   642 | D        | Lost mutation: You are agile. (Dex +2) [Jiyva's grace]
   658 | D        | Killed a glowing orange brain
   701 | D        | Killed a shining eye
   727 | D        | Reached skill level 10 in Unarmed Combat
   774 | D        | Killed a slime creature
   779 | D        | Killed a skeletal warrior
   783 | D        | Lost mutation: Your muscles are strong. (Str +2) [Jiyva's
                  | grace]
   790 | D        | Gained mutation: Your spells are a little easier to cast,
                  | but a little less powerful. [Jiyva's grace]
   829 | D        | Reached ****** piety under Jiyva
   829 | D        | Gained mutation: Your mind is acute. (Int +2) [Jiyva's
                  | grace]
   830 | D        | Lost mutation: Your body sometimes deteriorates upon taking
                  | damage. [Jiyva's power]
   843 | D        | Gained mutation: You have a pair of small horns on your
                  | head. [Jiyva's grace]
   863 | D        | Noticed a two-headed ogre
   870 | D        | Gained mutation: You have a small jelly attached to you
                  | that may absorb incoming projectiles. [Jiyva's grace]
   870 | D        | Killed a two-headed ogre
   871 | D        | Killed a slime creature
   880 | D        | Killed a slime creature
   880 | D        | Killed a hornet
   888 | D        | Lost mutation: Your spells are a little easier to cast, but
                  | a little less powerful. [Jiyva's grace]
   890 | D        | Gained mutation: Your system is resistant to poisons.
                  | (rPois) [Jiyva's grace]
   895 | D        | Noticed a two-headed ogre
   895 | D        | Noticed Erolcha
   897 | D        | Gained mutation: You have a pair of horns on your head.
                  | [Jiyva's grace]
   898 | D        | Killed an orc high priest
   901 | D        | Killed a slime creature
   904 | D        | Killed a molten gargoyle
   905 | D        | Lost mutation: Your mind is acute. (Int +2) [Jiyva's grace]
   906 | D        | Killed an orc high priest
   910 | D        | Lost mutation: You have a pair of horns on your head.
                  | [Jiyva's grace]
   913 | D        | Gained mutation: You have a small jelly attached to you
                  | that senses nearby items. [Jiyva's grace]
   913 | D        | Gained mutation: You have a pair of horns on your head.
                  | [Jiyva's grace]
   918 | D        | Killed an orc high priest
   918 | D        | Gained mutation: You expend magic power (3 MP) to
                  | strengthen your wands. [Jiyva's grace]
   920 | D        | Killed Erolcha
   920 | D        | Gained mutation: You occasionally shout uncontrollably at
                  | your foes. [Jiyva's grace]
   921 | D        | Reached skill level 12 in Unarmed Combat
   921 | D        | Reached XP level 9. HP: 81/97 MP: 8/8
   921 | D        | Lost mutation: You have a small jelly attached to you that
                  | may absorb incoming projectiles. [Jiyva's grace]
   921 | D        | Gained mutation: You have acidic saliva. [Jiyva's grace]
   921 | D        | Lost mutation: You occasionally shout uncontrollably at
                  | your foes. [Jiyva's grace]
   921 | D        | Gained mutation: You have a pair of large horns on your
                  | head. [Jiyva's grace]
   921 | D        | Gained mutation: You are robust. (+10% HP) [Jiyva's grace]
   923 | D        | Gained mutation: Your translucent skin slightly reduces
                  | your foes' accuracy. (Stealth+) [Jiyva's grace]
   923 | D        | Gained mutation: You are very robust. (+20% HP) [Jiyva's
                  | grace]
   924 | D        | Killed a two-headed ogre
   924 | D        | Gained mutation: Armour fits poorly on your pseudopods.
                  | [Jiyva's grace]
   924 | D        | Gained mutation: Armour fits poorly on your large
                  | pseudopods. [Jiyva's grace]
   924 | D        | Lost mutation: You have a pair of large horns on your head.
                  | [Jiyva's grace]
   924 | D        | Gained mutation: You have sharp toenails. [Jiyva's grace]
   933 | D        | Killed a centaur warrior
   935 | D        | Lost mutation: Your translucent skin slightly reduces your
                  | foes' accuracy. (Stealth+) [Jiyva's grace]
   995 | D        | Killed a yaktaur
  1016 | D        | Reached skill level 13 in Unarmed Combat
  1023 | D        | Killed a yaktaur
  1026 | D        | Noticed a queen bee
  1046 | D        | Killed a yaktaur
  1059 | D        | Killed Nessos
  1064 | D        | Killed an elephant
  1097 | D        | Reached skill level 10 in Dodging
  1149 | D        | Reached skill level 14 in Unarmed Combat
  1187 | D        | Reached XP level 10. HP: 127/127 MP: 9/9
  1208 | D        | Killed a deep elf blademaster
  1232 | D        | Killed a deep elf blademaster
  1287 | D        | Noticed Donald
  1289 | D        | Noticed Frances
  1319 | D        | Noticed a rust devil
  1320 | D        | Noticed a smoke demon
  1322 | D        | Slimified Donald
  1322 | D        | Noticed Donald
  1322 | D        | Donald changed into Donald the acid blob
  1322 | D        | Lost mutation: You expend magic power (3 MP) to strengthen
                  | your wands. [Jiyva's grace]
  1330 | D        | Noticed a soul eater
  1331 | D        | Killed Frances
  1332 | D        | Gained mutation: You have a small jelly attached to you
                  | that may absorb incoming projectiles. [Jiyva's grace]
  1440 | D        | Found Sofom's General Store.
  1454 | D        | Gained mutation: Your rubbery body absorbs attacks. (AC +1,
                  | EV +1) [Jiyva's grace]
  1461 | D        | Gained mutation: You passively map a small area around you.
                  | [Jiyva's grace]
  1461 | D        | Gained mutation: Your mind is acute. (Int +2) [Jiyva's
                  | grace]
  1461 | D        | Lost mutation: You are very robust. (+20% HP) [Jiyva's
                  | grace]
  1461 | D        | Lost mutation: Your system is resistant to poisons. (rPois)
                  | [Jiyva's grace]
  1463 | D        | Gained mutation: You are partially covered in large bone
                  | plates. (SH +4) [Jiyva's grace]
  1464 | D        | Noticed an orc knight
  1465 | D        | Gained mutation: You are agile. (Dex +2) [Jiyva's grace]
  1469 | D        | Lost mutation: You have acidic saliva. [Jiyva's grace]
  1490 | D        | Killed an orc knight
  1491 | D        | Reached skill level 15 in Unarmed Combat
  1533 | D        | Lost mutation: You are robust. (+10% HP) [Jiyva's grace]
  1556 | D        | Lost mutation: You have a small jelly attached to you that
                  | senses nearby items. [Jiyva's grace]
  1556 | D        | Lost mutation: You passively map a small area around you.
                  | [Jiyva's grace]
  1556 | D        | Gained mutation: Your pliable body absorbs attacks. (AC +2,
                  | EV +2) [Jiyva's grace]
  1556 | D        | Gained mutation: Your mind is very acute. (Int +4) [Jiyva's
                  | grace]
  1556 | D        | Lost mutation: Armour fits poorly on your large pseudopods.
                  | [Jiyva's grace]
  1556 | D        | Lost mutation: Armour fits poorly on your pseudopods.
                  | [Jiyva's grace]
  1556 | D        | Gained mutation: You have a pair of large horns on your
                  | head. [Jiyva's grace]
  1556 | D        | Lost mutation: You have a small jelly attached to you that
                  | may absorb incoming projectiles. [Jiyva's grace]
  1565 | D        | Lost mutation: You are agile. (Dex +2) [Jiyva's grace]
  1567 | D        | Gained mutation: You are agile. (Dex +2) [Jiyva's grace]
  1570 | D        | Gained mutation: Your body has grown golden eyes which may
                  | confuse attackers. (Acc +3) [Jiyva's grace]
  1571 | D        | Lost mutation: You have a pair of large horns on your head.
                  | [Jiyva's grace]
  1588 | D        | Bought a potion of heal wounds for 55 gold pieces
  1596 | D        | Noticed a deep elf zephyrmancer
  1596 | D        | Noticed a deep elf knight
  1596 | D        | Noticed a deep elf pyromancer
  1596 | D        | Noticed a deep elf pyromancer
  1596 | D        | Noticed a deep elf knight
  1775 | D        | Killed a deep elf pyromancer
  1777 | D        | Gained mutation: Your spells are a little harder to cast,
                  | but a little more powerful. [Jiyva's grace]
  1784 | D        | Noticed a cane toad
  1784 | D        | Noticed a cane toad
  1789 | D        | Killed a cane toad
  1790 | D        | Killed a cane toad
  1791 | D        | Reached skill level 16 in Unarmed Combat
  1802 | D        | Killed a deep elf knight
  1931 | D        | Reached XP level 11. HP: 115/115 MP: 10/10
  1967 | D        | Noticed Rupert
  2008 | D        | Killed Rupert
  2009 | D        | Reached skill level 10 in Shields
  2009 | D        | Reached skill level 17 in Unarmed Combat
  2023 | D        | Lost mutation: Your mind is very acute. (Int +4) [Jiyva's
                  | grace]
  2023 | D        | Gained mutation: Your body has grown many golden eyes which
                  | may confuse attackers. (Acc +5) [Jiyva's grace]
  2060 | D        | Killed a shadow wraith
  2076 | D        | Killed a deep elf pyromancer
  2079 | D        | Noticed an azure jelly
  2079 | D        | Noticed an azure jelly
  2079 | D        | Noticed an azure jelly
  2079 | D        | Noticed an azure jelly
  2081 | D        | Lost mutation: Your spells are a little harder to cast, but
                  | a little more powerful. [Jiyva's grace]
  2083 | D        | Noticed a death yak
  2084 | D        | Noticed a death yak
  2085 | D        | Noticed a death yak
  2086 | D        | Noticed a dire elephant
  2086 | D        | Noticed a dire elephant
  2086 | D        | Noticed Gastronok
  2087 | D        | Killed Gastronok
  2093 | D        | Killed a dire elephant
  2094 | D        | Lost mutation: Your mind is acute. (Int +2) [Jiyva's grace]
  2095 | D        | Lost mutation: You are agile. (Dex +2) [Jiyva's grace]
  2097 | D        | Killed a dire elephant
  2115 | D        | Noticed a death yak
  2117 | D        | Killed a death yak
  2118 | D        | Killed an azure jelly
  2124 | D        | Killed a death yak
  2127 | D        | Killed an azure jelly
  2132 | D        | Killed a death yak
  2138 | D        | Killed a death yak
  2139 | D        | Reached skill level 18 in Unarmed Combat
  2302 | D        | Noticed a fire dragon
  2321 | D        | Gained mutation: Your mind is acute. (Int +2) [Jiyva's
                  | grace]
  2321 | D        | Lost mutation: Your body has grown many golden eyes which
                  | may confuse attackers. (Acc +5) [Jiyva's grace]
  2370 | D        | Noticed a lindwurm
  2375 | D        | Killed a lindwurm
  2389 | D        | Noticed Urug
  2397 | D        | Killed Urug
  2414 | D        | Noticed a five-headed hydra
  2414 | D        | Noticed a four-headed hydra
  2462 | D        | Reached skill level 19 in Unarmed Combat
  2546 | D        | Noticed a deep elf demonologist
  2549 | D        | Noticed a deep elf annihilator
  2559 | D        | Killed a four-headed hydra
  2562 | D        | Noticed a deep elf master archer
  2642 | D        | Noticed a yaktaur captain
  2689 | D        | Killed a five-headed hydra
  2695 | D        | Lost mutation: Your mind is acute. (Int +2) [Jiyva's grace]
  2697 | D        | Gained mutation: You have a pair of large horns on your
                  | head. [Jiyva's grace]
  2697 | D        | Gained mutation: You are robust. (+10% HP) [Jiyva's grace]
  2699 | D        | Gained mutation: You have razor-sharp toenails. [Jiyva's
                  | grace]
  2701 | D        | Gained mutation: You are covered in slimy tendrils that may
                  | disarm your opponents. [Jiyva's grace]
  2702 | D        | Gained mutation: You have acidic saliva. [Jiyva's grace]
  2705 | D        | Lost mutation: Your pliable body absorbs attacks. (AC +2,
                  | EV +2) [Jiyva's grace]
  2705 | D        | Lost mutation: You have a pair of large horns on your head.
                  | [Jiyva's grace]
  2705 | D        | Gained mutation: You are agile. (Dex +2) [Jiyva's grace]
  2705 | D        | Lost mutation: You are agile. (Dex +2) [Jiyva's grace]
  2705 | D        | Lost mutation: Your body has grown golden eyes which may
                  | confuse attackers. (Acc +3) [Jiyva's grace]
  2705 | D        | Gained mutation: Your pliable body absorbs attacks. (AC +2,
                  | EV +2) [Jiyva's grace]
  2707 | D        | Lost mutation: You are covered in slimy tendrils that may
                  | disarm your opponents. [Jiyva's grace]
  2710 | D        | Noticed a shining eye
  2710 | D        | Noticed an acid blob
  2710 | D        | Lost mutation: You have acidic saliva. [Jiyva's grace]
  2711 | D        | Noticed an azure jelly
  2711 | D        | Noticed an azure jelly
  2711 | D        | Noticed the Royal Jelly
  2712 | D        | Noticed a shining eye
  2713 | D        | Noticed an azure jelly
  2715 | D        | Found a viscous altar of Jiyva.
  2774 | D        | Noticed a fire dragon
  2802 | D        | Killed a fire dragon
  2804 | D        | Gained mutation: You have a small jelly attached to you
                  | that senses nearby items. [Jiyva's grace]
  2830 | D        | Killed a fire dragon
  2884 | D        | Gained mutation: Your melee attacks may engulf your foes in
                  | ooze. [Jiyva's grace]
  2897 | D        | Noticed a fire dragon
  2916 | D        | Killed a fire dragon
  2917 | D        | Gained mutation: You have acidic saliva. [Jiyva's grace]
  2959 | D        | Killed a deep elf zephyrmancer
  2961 | D        | Gained mutation: You have supernaturally acute eyesight.
                  | (SInv) [Jiyva's grace]
  2982 | D        | Found Ykukhoyrr's Book Shoppe.
  2982 | D        | Found Jar Onuf's Antique Weapon Boutique.
  2982 | D        | Found Punewe's Distillery.
  2982 | D        | Noticed a fire dragon
  3024 | D        | Killed a fire dragon
  3073 | D        | Killed an eight-headed hydra
  3111 | D        | Noticed Xtahua
  3112 | D        | Paralysed by Xtahua for 6 turns
  3120 | D        | Killed Xtahua
  3196 | D        | Bought a crystal dagger for 168 gold pieces
  3196 | D        | Identified the +4 dagger of Embarrassment {vorpal, Contam
                  | rPois rF+ Dex+2} (You bought it in a shop in the Dungeon)
  3197 | D        | Bought a potion of mutation for 104 gold pieces
  3197 | D        | Bought a potion of heal wounds for 65 gold pieces
  3197 | D        | Bought a potion of heal wounds for 65 gold pieces
  3206 | D        | Gained mutation: You have very sharp teeth. [Jiyva's grace]
  3226 | D        | Lost mutation: You have supernaturally acute eyesight.
                  | (SInv) [Jiyva's grace]
  3226 | D        | Lost mutation: You are partially covered in large bone
                  | plates. (SH +4) [Jiyva's grace]
  3228 | D        | Gained mutation: You have supernaturally acute eyesight.
                  | (SInv) [Jiyva's grace]
  3241 | D        | Got a decaying rune of Zot
  3371 | D        | Killed a skeletal warrior
  3390 | D        | Noticed a death drake
  3399 | D        | Killed a death drake
  3400 | D        | Reached skill level 20 in Unarmed Combat
  3400 | D        | Reached XP level 12. HP: 135/135 MP: 11/11
  3428 | D        | Noticed an anaconda
  3431 | D        | Killed an anaconda
  3490 | D        | Noticed an anaconda
  3490 | D        | Noticed an anaconda
  3495 | D        | Killed an anaconda
  3497 | D        | Killed an anaconda
  3547 | D        | Lost mutation: You have razor-sharp toenails. [Jiyva's
                  | grace]
  3586 | D        | Reached skill level 21 in Unarmed Combat
  3651 | D        | Noticed a naga warrior
  3651 | D        | Noticed a nagaraja
  3678 | D        | Killed a nagaraja
  3688 | D        | Killed a naga warrior
  3761 | D        | Lost mutation: You are robust. (+10% HP) [Jiyva's grace]
  3769 | D        | Found Ginuo's Antique Weapon Shop.
  3769 | D        | Found Xeaqaor's Distillery.
  3771 | D        | Found Atastabeu's Jewellery Boutique.
  3818 | D        | Got a serpentine rune of Zot
  3877 | D        | Found a blossoming altar of Fedhas.
  3900 | D        | Lost mutation: Your melee attacks may engulf your foes in
                  | ooze. [Jiyva's grace]
  3901 | D        | Killed a ghost moth
  3906 | D        | Reached skill level 22 in Unarmed Combat
  3906 | D        | Noticed a ghost moth
  3917 | D        | Killed a ghost moth
  4033 | D        | HP: 2/124 [something (14)]
  4034 | D        | Engulfed by a cloud of freezing vapour

Illustrated notes

Levels and vault maps discovered:
D:        dungeon_sprint_mu [sprint_mu_entry_forest, sprint_mu_temple_rooms,
          sprint_mu_d1_spiders, sprint_mu_d2_genie, sprint_mu_d3_branching,
          sprint_mu_orc_legion, sprint_mu_elf_gauntlet, sprint_mu_hive_nellie,
          sprint_mu_lair_fedhas, sprint_mu_vaults_butterflies,
          sprint_mu_slime_circle, sprint_mu_swamp_cave, sprint_mu_snake_twists,
          sprint_mu_blade_basic, sprint_mu_crypt_chambers,
          sprint_mu_tomb_spiral, sprint_mu_vestibule_basic,
          sprint_mu_gehenna_hellfire, sprint_mu_dis_giant,
          sprint_mu_tartarus_statrot, sprint_mu_cocytus_islands, sprint_mu_zot1]

Skill      XL: |  1  2  3  4  5  6  7  8  9 10 11 12 |
---------------+-------------------------------------+-----
Fighting       | 3 4 7 8 9 |  9.6
Dodging        | 3 4 7 8 9 10 11 13 | 13.9
Shields        | 3 4 6 7 8 9 10 11 | 11.0
Unarmed Combat | 4 6 8 12 14 16 20 22 | 22.2
Throwing       | |  0.2

Action                   |  1- 3 |  4- 6 |  7- 9 | 10-12 || total
-------------------------+-------+-------+-------+-------++-------
Melee: Unarmed           |    40 |     3 |   159 |   194 ||   396
       Kick              |       |       |    20 |    60 ||    80
       Pseudopods        |       |       |    10 |     3 ||    13
       Bite              |       |       |    10 |     5 ||    15
       Headbutt          |       |       |     4 |    45 ||    49
Throw: Javelin           |       |       |       |     1 ||     1
Invok: Cure Bad Mutation |       |       |     3 |     1 ||     4
       Request Jelly     |       |       |     7 |    14 ||    21
       Slimify           |       |       |       |     4 ||     4
Evoke: Wand              |       |       |       |     9 ||     9
  Use: Potion            |     3 |       |     2 |     5 ||    10
       Scroll            |     2 |       |       |     3 ||     5
 Stab: Confused          |       |       |       |     1 ||     1
       Sleeping          |       |       |       |     1 ||     1
Armor: Robe              |     2 |       |    11 |    16 ||    29
Dodge: Dodged            |     6 |       |    56 |    72 ||   134
Block: Kite shield       |     8 |       |    79 |    67 ||   154

Table legend: (Time is in decaauts)
 A = Elapsed time spent in this place.
 B = Non-inter-level travel time spent in this place.
 C = Inter-level travel time spent in this place.
 D = Time resting spent in this place.
 E = Time spent auto-exploring this place.
 F = Levels seen in this place.
 G = Mean time per level.
                   A        B        C        D        E       F      G
               +--------+--------+--------+--------+--------+-----+--------+
         Total |   4021 |   4021 |      0 |   1020 |      0 |   1 | 4021.0 |
       Dungeon |   4021 |   4021 |      0 |   1020 |      0 |   1 | 4021.0 |
               +--------+--------+--------+--------+--------+-----+--------+

Top non-repeatable levels by time:
       D: 4021 daAuts
